 Dungeon Crawl Stone Soup version 0.29-a0-344-ge2f44be95a (webtiles) character file.

Game seed: 7735258882605842117

530 spaghetti the Shooter (level 7, 0/51 HPs)
             Began as a Demonspawn Hunter on Apr 22, 2022.
             Was an Initiate of Qazlal.
             Slain by a water moccasin (8 damage)
             ... on level 5 of the Dungeon.
             The game lasted 00:07:05 (4123 turns).

spaghetti the Shooter (Demonspawn Hunter)           Turns: 4123, Time: 00:07:06

Health: 0/51       AC:  8    Str: 18      XL:     7   Next: 3%
Magic:  7/7        EV: 12    Int:  7 (8)  God:    Qazlal [......]
Gold:   234        SH:  0    Dex: 15 (18) Spells: 6/6 levels left

rFire   . . .      SeeInvis .   a - +1 shortbow (flame) {bow}
rCold   . . .      Faith    .   (shield currently unavailable)
rNeg    . . .      Spirit   .   b - +0 leather armour
rPois   .          Reflect  .   z - +0 helmet
rElec   .          Harm     .   v - +0 cloak
rCorr   .          Rampage  .   (no gloves)
Will    ++...                   (no boots)
Stlth   +.........              (no amulet)
HPRegen 0.17/turn               q - +6 ring of strength
MPRegen 0.10/turn               (no ring)

@: no status effects
A: molten scales 2, ignite blood 1, hooves 1, dopey 1, strong-willed 2
a: Renounce Religion


You were on level 5 of the Dungeon.
You worshipped Qazlal.
Qazlal was noncommittal.
You visited 2 branches of the dungeon, and saw 6 of its levels.

You collected 234 gold pieces.


Innate Abilities, Weirdness & Mutations

You are mostly covered in molten scales. (AC +3)
Your demonic aura sometimes causes spilled blood to erupt in flames.
You have large cloven feet.
You are dopey. (Int -2)
You are highly strong-willed. (Will++)


   Skills:
 + Level 2.4 Fighting
 * Level 7.5 Bows
 + Level 2.1 Dodging
 - Level 0.8 Stealth


You had 6 spell levels left.
You didn't know any spells.
Your spell library contained the following spells:

 Spells                   Type           Power      Damage    Failure   Level
 Beastly Appendage        Tmut           0%         N/A       50%         1
 Magic Dart               Conj           0%         1d3       50%         1
 Call Imp                 Summ           0%         N/A       63%         2
 Poisonous Vapours        Pois/Air       0%         N/A       63%         2
 Wereblood                Tmut           0%         N/A       63%         2
 Dazzling Flash           Conj/Hex       0%         N/A       86%         3
 Mephitic Cloud           Conj/Pois/Air  0%         N/A       86%         3
 Spider Form              Tmut/Pois      0%         N/A       86%         3
 Stone Arrow              Conj/Erth      0%         3d7       86%         3
 Petrify                  Tmut/Erth      0%         N/A       99%         4
 Agony                    Necr           0%         N/A       100%        5
 Silence                  Hex/Air        0%         N/A       100%        5

Inventory:

Hand Weapons
 a - a +1 shortbow of flaming (weapon) {bow}
 r - a +1 dagger of venom {short}
   (You took it off an orc on level 3 of the Dungeon)
 u - a +1 dagger of venom {short}
   (You took it off a kobold on level 3 of the Dungeon)
Missiles
 e - 52 stones {throwing}
 g - 6 boomerangs {throwing}
Armour
 b - a +0 leather armour (worn)
 v - a +0 cloak (worn)
   (You found it on level 3 of the Dungeon)
 z - a +0 helmet (worn)
   (You found it on level 4 of the Dungeon)
Jewellery
 n - a ring of flight
   (You found it on level 2 of the Dungeon)
 q - a +6 ring of strength (left hand)
   (You found it on level 3 of the Dungeon)
 D - a ring of ice
   (You found it on level 4 of the Dungeon)
Wands
 y - a wand of flame (13)
   (You found it on level 4 of the Dungeon)
Scrolls
 c - a scroll of immolation {!r!r}
 d - a scroll of identify {@r1}
 f - 2 scrolls of enchant armour
 h - 3 scrolls of holy word {!r}
 m - a scroll of fog
 t - a scroll of noise {unknown}
 B - a scroll of torment {unknown}
 C - a scroll of teleportation {unknown}
Potions
 i - 3 potions of mutation {!q}
 k - a potion of curing {@q1}
 o - a potion of flight
 p - 2 potions of invisibility
 s - a potion of heal wounds {unknown}
 x - a potion of brilliance {unknown}
 A - a potion of resistance {unknown}

Dungeon Overview and Level Annotations

Branches:
Dungeon (5/15)             Temple (1/1) D:4

Altars:
Ashenzari
Cheibriados
Dithmenos
Elyvilon
Fedhas
Gozag
Hepliaklqana
Kikubaaqudgha
Makhleb
Nemelex Xobeh
Okawaru
Qazlal
Ru
Sif Muna
Uskayaw
Vehumet
Wu Jian
Xom
Yredelemnul
Zin
The Shining One

Annotations:
D:5 Edmund

######......##
######.........
#...##.######.. #########
#.............. #.......#
#...###...#####
#.......###...###.....###
#.....§§.................
#.....§§######..###.....†
#.....§§@SO............##
#.....§§##@.#####........
#.....§§#.@## #.#.#.###
#.......#.## ...#.#.###
#########$ ..####......
.. . ###.### .. #.# # ...
#.# # #.#


You could see Edmund, a water moccasin and an ogre.


Message History

You feel very sick.
The water moccasin barely misses you. 😮 HP[-3]
You take 3 damage, and now have 27/51 hp.
Shoot: a) +1 shortbow {bow}
Press: ? - help, Q - select action, (/) - cycle Shift-Dir - straight line, f/p - ogre
Aim: an ogre, wielding a +0 giant club (severely wounded, 77% to hit)
You shoot an arrow. The arrow hits the water moccasin!
You feel sick. The water moccasin closely misses you.
The water moccasin barely misses you. 😨 HP[-2]
You take 2 damage, and now have 25/51 hp.
Shoot: a) +1 shortbow {bow}
Press: ? - help, Q - select action, (/) - cycle Shift-Dir - straight line, f/p - ogre
Aim: an ogre, wielding a +0 giant club (severely wounded, 77% to hit)
You shoot an arrow. The arrow hits the water moccasin!
You feel sick. The water moccasin bites you.
* * * LOW HITPOINT WARNING * * *
You are lethally poisoned!
The water moccasin poisons you! 😨 HP[-5]
You take 5 damage, and now have 20/51 hp.
You feel better. The water moccasin barely misses you.
The water moccasin bites you.
* * * LOW HITPOINT WARNING * * *
You are poisoned.
The water moccasin poisons you! 😨 HP[+4]
You regained 4 hp, and now have 24/51 hp.
Shoot: a) +1 shortbow {bow}
Press: ? - help, Q - select action, (/) - cycle Shift-Dir - straight line, f/p - ogre
Aim: an ogre, wielding a +0 giant club (severely wounded, 77% to hit)
You shoot an arrow.
The arrow hits the water moccasin but does no damage.
You feel very sick.
The water moccasin bites you but does no damage.
Edmund says, "You wouldn't believe how much I paid for this flail." 😨 HP[-2]
You take 2 damage, and now have 22/51 hp.
Shoot: a) +1 shortbow {bow}
Press: ? - help, Q - select action, (/) - cycle Shift-Dir - straight line, f/p - ogre
Aim: an ogre, wielding a +0 giant club (severely wounded, 77% to hit)
You shoot an arrow.
The arrow barely misses the water moccasin.
The arrow hits the ogre but does no damage.
You feel sick.
The water moccasin bites you but does no damage.
The water moccasin barely misses you. 😨 HP[-2]
You take 2 damage, and now have 20/51 hp.
Shoot: a) +1 shortbow {bow}
Press: ? - help, Q - select action, (/) - cycle Shift-Dir - straight line, f/p - ogre
Aim: an ogre, wielding a +0 giant club (severely wounded, 77% to hit)
You shoot an arrow. The arrow hits the water moccasin.
You feel sick. The water moccasin bites you.
* * * LOW HITPOINT WARNING * * *
The water moccasin bites you!
* * * LOW HITPOINT WARNING * * *
😱 HP[-10]
You take 10 damage, and now have 10/51 hp.
Unknown command.
You feel better. The water moccasin bites you.
* * * LOW HITPOINT WARNING * * *
😨 HP[+7]
You regained 7 hp, and now have 17/51 hp.
Okay, then.
As you read the scroll labelled QEUPTE GUSTROOG, it crumbles to dust.
It is a scroll of identify.
f - 2 scrolls of enchant armour The water moccasin closely misses you.
The water moccasin misses you.
As you read the scroll labelled EWOUFO IBAROV, it crumbles to dust.
You speak a Word of immense power!
You are blasted by holy energy!
* * * LOW HITPOINT WARNING * * *
It was a scroll of holy word.
The water moccasin closely misses you. 😱 HP[-6]
You take 6 damage, and now have 11/51 hp.
As you read the scroll labelled OKHLYGG TETT, it crumbles to dust.
It is a scroll of amnesia.
You feel forgetful for a moment. The water moccasin bites you.
* * * LOW HITPOINT WARNING * * *
😱 HP[-6]
You take 6 damage, and now have 5/51 hp.
Unknown command.
Unknown command.
You feel better. The water moccasin bites you.
* * * LOW HITPOINT WARNING * * *
The water moccasin bites you but does no damage. 😱 HP[+3]
You regained 3 hp, and now have 8/51 hp.
As you read the scroll labelled ZACKIOR TOERCHITE, it crumbles to dust.
It is a scroll of brand weapon.
Your +1 shortbow {bow} is engulfed in flames!
a - a +1 shortbow of flaming (weapon)
{bow} The water moccasin bites you but does no damage.
As you read the scroll labelled QUF WUL BYETU, it crumbles to dust.
The scroll dissolves into smoke.
It was a scroll of fog.
The water moccasin completely misses you.
The water moccasin bites you!
You die...

Skill      XL: |  1  2  3  4  5  6 |
---------------+-------------------+-----
Bows           | 4 5 6 7 |  7.5
Dodging        | 2 |  2.1
Fighting       | |  2.4
Stealth        | |  0.8

Action                   |  1- 3 |  4- 6 |  7- 9 || total
-------------------------+-------+-------+-------++-------
 Fire: Shortbow          |    73 |   180 |    12 ||   265
  Use: Potion            |       |     8 |     3 ||    11
       Scroll            |       |       |     5 ||     5
Armor: Leather armour    |     6 |    15 |     4 ||    25
       Skin              |       |    12 |       ||    12
Dodge: Dodged            |    16 |    49 |    15 ||    80

Levels and vault maps discovered:
D:1:      ebering_hopf_link, layout_loops_ring, dreamdust_princess_corridor
D:2:      layout_basic, hellmonk_ecumenical_altar_watching_god, st_stairs_2
D:3:      layout_loops_ring, serial_bayou_pond_b, uniq_natasha, uniq_terence
D:4:      layout_basic, minmay_temple_entry_slanted, gup_sewer_entry_bubbles,
          uniq_blork_the_orc
D:5:      layout_rooms, sigmund_army, uniq_pikel, uniq_edmund
Temple:   mainiacjoe_temple_circle_huts

Notes
Turn   | Place    | Note
-------+----------+-------------------------------------------
     0 | D:1      | spaghetti the Demonspawn Hunter began the quest for the
                  | Orb.
     0 | D:1      | Reached XP level 1. HP: 16/16 MP: 1/1
     0 | D:1      | magus.rc [v1.9.6]
    41 | D:1      | You pick up a book of Changes and begin reading...
    41 | D:1      | You add the spells Beastly Appendage, Wereblood and Spider
                  | Form to your library.
   239 | D:1      | Reached skill level 4 in Bows
   294 | D:1      | Gained mutation: Your demonic aura sometimes causes spilled
                  | blood to erupt in flames. [demonic ancestry]
   294 | D:1      | Reached XP level 2. HP: 20/22 MP: 2/2
   890 | D:2      | You add the spells Poisonous Vapours, Stone Arrow and
                  | Petrify to your library.
   890 | D:2      | Got the Tome of Dusty Intoxication
   897 | D:2      | Found a faded altar of an unknown god.
   897 | D:2      | Noticed a floating eye
   901 | D:2      | Noticed a shining eye
   906 | D:2      | Noticed an eye of devastation
   906 | D:2      | Noticed a floating eye
  1084 | D:2      | Reached XP level 3. HP: 27/27 MP: 3/3
  1607 | D:3      | You pick up a book of the Senses and begin reading...
  1607 | D:3      | You add the spells Dazzling Flash, Agony and Silence to
                  | your library.
  1620 | D:3      | Noticed Terence
  1629 | D:3      | Killed Terence
  1630 | D:3      | Reached skill level 5 in Bows
  1630 | D:3      | Gained mutation: You are partially covered in molten
                  | scales. (AC +2) [demonic ancestry]
  1630 | D:3      | Reached XP level 4. HP: 22/33 MP: 4/4
  1725 | D:3      | Gained mutation: You are mostly covered in molten scales.
                  | (AC +3) [demonic ancestry]
  1725 | D:3      | Reached XP level 5. HP: 30/38 MP: 5/5
  1907 | D:3      | Reached skill level 6 in Bows
  2367 | D:3      | Noticed Natasha
  2370 | D:3      | Killed Natasha
  2666 | D:4      | Reached XP level 6. HP: 33/44 MP: 6/6
  2900 | D:4      | Noticed Blork the orc
  2903 | D:4      | Found a staircase to the Ecumenical Temple.
  2911 | D:4      | Gained mutation: You are strong-willed. (Will+) [potion of
                  | mutation]
  2911 | D:4      | Gained mutation: You are dopey. (Int -2) [potion of
                  | mutation]
  2911 | D:4      | Gained mutation: You are highly strong-willed. (Will++)
                  | [potion of mutation]
  2911 | D:4      | Gained mutation: You have large cloven feet. [potion of
                  | mutation]
  2915 | D:4      | HP: 15/66 [Blork the orc/magic dart (3)]
  2920 | D:4      | Killed Blork the orc
  2921 | D:4      | Reached skill level 7 in Bows
  3115 | D:4      | You pick up a book of Minor Magic and begin reading...
  3115 | D:4      | You add the spells Magic Dart, Call Imp and Mephitic Cloud
                  | to your library.
  3125 | Temple   | Entered the Ecumenical Temple
  3532 | Temple   | Became a worshipper of Qazlal Stormbringer
  4020 | D:5      | Entered Level 5 of the Dungeon
  4054 | D:5      | Reached skill level 2 in Dodging
  4072 | D:5      | Reached XP level 7. HP: 51/51 MP: 7/7
  4103 | D:5      | Noticed Edmund
  4116 | D:5      | HP: 10/51 [water moccasin (7)]
  4121 | D:5      | HP: 8/51 [water moccasin (4)]
  4123 | D:5      | Slain by a water moccasin

Vanquished Creatures
  An ogre (D:5)
  Blork the orc (D:4)
  A hound (D:3)
  2 orc priests (D:3)
  3 iguanas
  Natasha (D:3)
  Terence (D:3)
  6 adders
  3 worms
  A dart slug (D:3)
  7 orcs
  7 ball pythons
  10 bats
  5 endoplasms
  4 giant cockroaches
  7 goblins
  8 hobgoblins
  4 jackals (D:4)
  8 quokkas
  3 frilled lizards (D:1)
  3 kobolds
  9 rats
95 creatures vanquished.

Vanquished Creatures (others)
  A plant (D:3)
1 creature vanquished.

Grand Total: 96 creatures vanquished

Table legend:
 A = Non-vault XP
 B = Vault XP
 C = Vault XP percentage of total XP
 D = Non-vault monster count
 E = Vault monster count
 F = Vault count percentage of total count
                 A         B        C        D         E       F
            +---------+---------+-------+---------+---------+-------
      Total |     498 |     260 |  34.3 |      77 |      18 |  18.9
            +---------+---------+-------+---------+---------+-------
        D:1 |      32 |       0 |   0.0 |      20 |       0 |   0.0
        D:2 |      26 |       3 |  10.3 |      10 |       2 |  16.7
        D:3 |     150 |     139 |  48.1 |      27 |       9 |  25.0
        D:4 |     123 |     118 |  49.0 |      17 |       7 |  29.2
        D:5 |     167 |       0 |   0.0 |       3 |       0 |   0.0
            +---------+---------+-------+---------+---------+-------

Illustrated notes

Table legend:
 A = Kills in this place as a percentage of kills in entire the game.
 B = Kills by you in this place as a percentage of kills by you in the entire game.
 C = Kills by friends in this place as a percentage of kills by friends in the entire game.
 D = Other kills in this place as a percentage of other kills in the entire game.
 E = Experience gained in this place as a percentage of experience gained in the entire game.
 F = Experience gained in this place divided by the number of levels of this place that you have seen.
                   A       B       C       D       E      F
               +-------+-------+-------+-------+-------+----------------------
         Total | 100.0 | 100.0 |   N/A |   N/A | 100.0 | 126.3
       Dungeon | 100.0 | 100.0 |   N/A |   N/A | 100.0 | 151.6
               +-------+-------+-------+-------+-------+----------------------

Table legend: (Time is in decaauts)
 A = Elapsed time spent in this place.
 B = Non-inter-level travel time spent in this place.
 C = Inter-level travel time spent in this place.
 D = Time resting spent in this place.
 E = Time spent auto-exploring this place.
 F = Levels seen in this place.
 G = Mean time per level.
                   A        B        C        D        E       F      G
               +--------+--------+--------+--------+--------+-----+--------+
         Total |   4219 |   4101 |    118 |    321 |   3211 |   6 |  703.2 |
       Dungeon |   3792 |   3719 |     73 |    321 |   2866 |   5 |  758.4 |
        Temple |    426 |    381 |     45 |      0 |    345 |   1 |  426.0 |
               +--------+--------+--------+--------+--------+-----+--------+

Top non-repeatable levels by time:
     D:4: 1194 daAuts
     D:3: 938 daAuts
     D:1: 882 daAuts
     D:2: 670 daAuts
  Temple: 426 daAuts
     D:5: 106 daAuts
